 Dungeon Crawl Stone Soup version 0.22-a0-392-g5dc3fd9 (webtiles) character file.

213 erloom the Insei (level 5, -2/27 HPs)
             Began as a Vine Stalker Monk on May 1, 2018.
             Killed from afar by Galewind's ghost (29 damage)
             ... with a fireball
             ... on level 5 of the Dungeon.
             The game lasted 00:04:48 (3410 turns).

erloom the Insei (Vine Stalker Monk)                Turns: 3410, Time: 00:04:49

Health: -2/27      AC: 11    Str: 14    XL:     5   Next: 90%
Magic:  0/6        EV:  7    Int: 11    God:
Gold:   171        SH:  0    Dex: 16    Spells: 4/4 levels left

rFire    . . .     SeeInvis +     - Unarmed
rCold    . . .     Gourm    .   (no shield)
rNeg     . . .     Faith    .   c - +0 chain mail
rPois    +         Spirit   +   (no helmet)
rElec    .         Reflect  .   v - +2 cloak
rCorr    .         Harm     .   (no gloves)
MR       .....                  (no boots)
Stlth    ..........             (no amulet)
HPRegen  0.49/turn              u - ring of see invisible
MPRegen  0.10/turn              q - ring of poison resistance

@: no status effects
A: fangs 2, regeneration 1, magic shield, antimagic bite, no potion heal 3, rot
immunity
a: no special abilities


You were on level 5 of the Dungeon.
You were not hungry.

You visited 1 branch of the dungeon, and saw 5 of its levels.

You collected 171 gold pieces.

Inventory:

Armour
 a - a +0 robe
 c - a +0 chain mail (worn)
 j - a +2 robe of magic resistance
 v - a +2 cloak (worn)
Jewellery
 p - an uncursed ring of protection from fire
 q - a ring of poison resistance (right hand)
 t - an uncursed ring of fire
 u - a ring of see invisible (left hand)
Scrolls
 i - a scroll of random uselessness {unknown}
 k - a scroll of remove curse {unknown}
 m - a scroll of fog {unknown}
 n - 2 scrolls of enchant armour {unknown}
 o - a scroll of amnesia {unknown}
 r - 2 scrolls of teleportation {unknown}
 x - a scroll of magic mapping {unknown}
Potions
 d - 3 potions of haste
 f - a potion of berserk rage
 g - a potion of mutation
 h - 4 potions of agility {unknown}
 l - 3 potions of curing
 s - a potion of brilliance
Comestibles
 b - 7 rations


   Skills:
 - Level 2.6 Fighting
 - Level 2.4 Dodging
 - Level 2.4 Stealth
 + Level 6.4 Unarmed Combat


You had 4 spell levels left.
You didn't know any spells.

Dungeon Overview and Level Annotations

Branches:
Dungeon (5/15)
 Temple: D:4-7

Altars:
Sif Muna

Annotations:
D:5 Galewind's ghost, novice DEFE


Innate Abilities, Weirdness & Mutations

You have extremely sharp teeth.
Your natural rate of healing is unusually fast.
When hurt, damage is shared between your health and your magic reserves.
Your bite disrupts and absorbs the magic of your enemies.
Potions cannot restore your health.
You are immune to rotting.


Message History

The quokka is heavily wounded.
The quokka bites you but does no damage.
You hit the quokka. You bite the quokka, but do no damage.
The quokka is almost dead.
The quokka bites you but does no damage.
You hit the quokka.
You kill the quokka!
You found an alarm trap!
You see here a falchion.
There is an open door here.
There is a stone staircase leading up here.
You open the door.
There is an open door here.
Found a dagger.
Galewind's ghost (novice Deep Elf Fire Elementalist) comes into view.
Galewind's ghost turns its malevolent gaze towards you.
Galewind's ghost points at you and mumbles some strange words.
The fireball explodes!
The fireball engulfs you!
Ouch! That really hurt!
You die...

..............#
..............#
..............######
..............##...#
...#####......##...# ####
...#####.#######...#.....
...'...>.......+.........
...####..#######.........
...'..#.........@......).
...##.#.###....#####.W...
...'<.....'....+ .....
...########....# .###
........# #....# #
.######.# #....# .# #.#
#....# .# #.# ######
.######.#


You could see Galewind's ghost.

Vanquished Creatures
  3 orc wizards (D:4)
  A worker ant (D:4)
  4 adders (D:3)
  An ooze (D:4)
  An adder skeleton (D:4)
  A worm (D:3)
  A leopard gecko (D:3)
  2 orcs (D:4)
  2 ball pythons
  3 bats
  3 giant cockroaches
  9 goblins
  4 hobgoblins
  2 jackals (D:4)
  3 quokkas
  A ball python skeleton (D:4)
  3 frilled lizards
  7 kobolds
  5 rats (D:3)
56 creatures vanquished.

Notes
Turn   | Place    | Note
-------+----------+-------------------------------------------
     0 | D:1      | erloom the Vine Stalker Monk began the quest for the Orb.
     0 | D:1      | Reached XP level 1. HP: 11/11 MP: 2/2
   311 | D:1      | Reached XP level 2. HP: 9/16 MP: 3/3
  1091 | D:2      | Reached skill level 4 in Unarmed Combat
  1428 | D:2      | Reached XP level 3. HP: 17/19 MP: 4/4
  2006 | D:3      | Found a deep blue altar of Sif Muna.
  2010 | D:3      | Gained mutation: Your natural rate of healing is unusually fast. [Vine Stalker growth]
  2010 | D:3      | Reached XP level 4. HP: 23/23 MP: 5/5
  2104 | D:3      | Reached skill level 5 in Unarmed Combat
  2750 | D:4      | Reached XP level 5. HP: 27/27 MP: 6/6
  2765 | D:4      | Reached skill level 6 in Unarmed Combat
  3304 | D:5      | Entered Level 5 of the Dungeon
  3407 | D:5      | Noticed Galewind's ghost (novice DEFE)
  3410 | D:5      | Killed from afar by Galewind's ghost

Vault maps used:
D:1:      scummos_arrival_simple_fountains
D:2:      kennysheep_generic_room_14
D:3:      lemuel_round_altar
D:4:      first_ration, grunt_ministairs_12, st_stairs_6

Skill      XL: |  1  2  3  4  5 |
---------------+----------------+-----
Unarmed Combat | 4 5 6 |  6.4
Fighting       | |  2.6
Dodging        | |  2.4
Stealth        | |  2.4

Action                   |  1- 3 |  4- 6 || total
-------------------------+-------+-------++-------
Melee: Unarmed           |    99 |    88 ||   187
       Bite              |    26 |    25 ||    51
       Punch             |       |     2 ||     2
  Use: Scroll            |       |     5 ||     5
  Eat: Chunk             |     3 |     5 ||     8
Armor: Chain mail        |    51 |    43 ||    94
Dodge: Dodged            |    31 |    24 ||    55

Table legend:
 A = Spawn XP
 B = Non-spawn XP
 C = Spawn XP percentage of total XP
 D = Spawn monster count
 E = Non-spawn monster count
 F = Spawn count percentage of total count
 G = Total turns spent on level
                    A         B        C        D         E        F      G
               +---------+---------+-------+---------+---------+-------+---------
         Total |       0 |     305 |   0.0 |       0 |      56 |   0.0 |  3410
               +---------+---------+-------+---------+---------+-------+---------
           D:1 |       0 |      26 |   0.0 |       0 |      16 |   0.0 |   835
           D:2 |       0 |       8 |   0.0 |       0 |       4 |   0.0 |   724
           D:3 |       0 |      80 |   0.0 |       0 |      21 |   0.0 |   966
           D:4 |       0 |     189 |   0.0 |       0 |      14 |   0.0 |   779
           D:5 |       0 |       2 |   0.0 |       0 |       1 |   0.0 |   106
               +---------+---------+-------+---------+---------+-------+---------
